 Dungeon Crawl Stone Soup version 0.30-a0-782-ge64f9170bb (webtiles) character file.

Game seed: 16003164138817593235

737 mopl the Vexing (level 7, -7/36 HPs)
             Began as a Deep Elf Enchanter on Mar 7, 2023.
             Mangled by a kobold brigand
             ... wielding a +0 great mace
              (12 damage)
             ... in a sewer.
             The game lasted 00:08:42 (3514 turns).

mopl the Vexing (Deep Elf Enchanter)                Turns: 3514, Time: 00:08:43

Health: -7/36      AC:  3    Str:  5    XL:     7   Next: 46%
Magic:  3/18       EV: 12    Int: 22    God:
Gold:   191        SH:  0    Dex: 15    Spells: 7/18 levels left

rFire   . . .      SeeInvis .    a - +1 dagger (speed)
rCold   . . .      Faith    .    (no shield)
rNeg    . . .      Spirit   .    s - +0 robe
rPois   .          Reflect  .    o - +0 helmet
rElec   .          Harm     .    (no cloak)
rCorr   .          Rampage  .    (no gloves)
Will    .....                    (no boots)
Stlth   +++                      (no amulet)
HPRegen 0.26/turn                (no ring)
MPRegen 0.16/turn                (no ring)

@: lethally poisoned (-7 -> -9), flying, very slightly contaminated, slowed,
very slow
A: no striking features
a: no special abilities


You were in a sewer.
You visited 1 branch of the dungeon, and saw 4 of its levels.
You also visited: Sewer.

You collected 191 gold pieces.

Inventory:

Hand Weapons
 a - a +1 dagger of speed (weapon)
 b - a +1 short sword of venom
 r - a +0 short sword of draining
Missiles
 d - 19 poisoned darts
Armour
 o - a +0 helmet (worn)
 s - a +0 robe (worn)
Scrolls
 f - 4 scrolls of identify {unknown}
 g - 2 scrolls of summoning {unknown}
 j - 3 scrolls of fog {unknown}
 l - 2 scrolls of teleportation {unknown}
 m - 2 scrolls of immolation {unknown}
 p - 2 scrolls of vulnerability {unknown}
 u - a scroll of magic mapping {unknown}
Potions
 c - 2 potions of invisibility
 e - a potion of degeneration {unknown}
 h - a potion of haste {unknown}
 i - 2 potions of flight
 k - a potion of cancellation {unknown}
 n - a potion of heal wounds
 q - a potion of curing {unknown}
 t - a potion of mutation {unknown}


   Skills:
 + Level 4.1 Short Blades
 - Level 2.4 Dodging
 + Level 6.5 Stealth
 + Level 6.0 Spellcasting
 + Level 6.7 Hexes


You had 7 spell levels left.
You knew the following spells:

 Your Spells              Type           Power      Damage    Failure   Level
b - Ensorcelled Hibernat  Hex/Ice        42%        N/A       3%          2
c - Confusing Touch       Hex            36%        N/A       1%          3
d - Tukima's Dance        Hex            36%        N/A       1%          3
f - Dazzling Flash        Conj/Hex       42%        N/A       7%          3

Your spell library contained the following spells:

 Spells                   Type           Power      Damage    Failure   Level
 Static Discharge         Conj/Air       12%        2-3/arc   14%         2
 Vhi's Electric Charge    Tloc/Air       12%        N/A       26%         3
 Arcjolt                  Conj/Air       3%         1d13      94%         5
 Lightning Bolt           Conj/Air       3%         1d14      94%         5


Dungeon Overview and Level Annotations

Branches:
Dungeon (4/15)             Temple (0/1) D:4           Sewer (1/1)

Altars:

Shops:
D:3 (


Message History

The kobold brigand hits you but does no damage.
The kobold brigand misses you.
The kobold brigand resists with significant effort.
You feel sick. The kobold brigand barely misses you.
The kobold brigand resists with significant effort.
You feel sick.
You are no longer poisoned.
The kobold brigand closely misses you.
The kobold brigand hits you with a +0 short sword.
The kobold brigand looks drowsy...
The helpless kobold brigand fails to defend itself.
You impale the kobold brigand!!
You kill the kobold brigand!
The kobold brigand throws a poisoned dart.
The poisoned dart hits you!
You are poisoned.
Your Spellcasting skill increases to level 6!
The kobold brigand resists with significant effort.
You feel very sick.
The kobold brigand hits you with a +0 great mace.
You are too injured to fight recklessly!
Casting: Ensorcelled Hibernation (safe; 3% risk of failure)
Confirm with . or Enter, or press ? or * to list all spells.
Aiming: Ensorcelled Hibernation (safe; 3% risk of failure)
Press: ? - help, Shift-Dir - straight line, f/p - kobold brigand
Aim: a kobold brigand, wielding a +0 great mace and quivering poisoned darts (chance to affect: 53%)
The kobold brigand resists with significant effort.
You feel sick.
The kobold brigand hits you with a +0 great mace.
* * * LOW HITPOINT WARNING * * *
Casting: Ensorcelled Hibernation (safe; 3% risk of failure)
Confirm with . or Enter, or press ? or * to list all spells.
Aiming: Ensorcelled Hibernation (safe; 3% risk of failure)
Press: ? - help, Shift-Dir - straight line, f/p - kobold brigand
Aim: a kobold brigand, wielding a +0 great mace and quivering poisoned darts (chance to affect: 53%)
You miscast Ensorcelled Hibernation.
You are very lightly contaminated with residual magic.
Nothing appears to happen.
You feel sick.
The kobold brigand hits you with a +0 great mace!
You die...

###############~##
≈≈≈≈≈≈≈≈≈≈≈~.).≈~#
≈≈≈≈≈≈≈≈≈≈≈~.#)~≈# ..≈#
≈≈≈≈≈≈≈≈≈≈≈~.#.≈≈# ..≈#
≈≈≈≈≈≈≈≈≈~≈~.#.≈≈# ...≈#
≈≈≈≈≈≈≈≈≈≈...#..≈# '''##
≈~≈~≈≈≈~≈~...#.≈≈# .....#
#≈#~≈###≈#.####.###..°...
.....÷.....≈~#..@#.....°.
...)).....≈≈≈≈...K.§._...
...........≈≈#...#.....§.
≈##≈##≈###.####.###..§...
≈≈≈≈~≈≈≈≈~...#)≈≈# .....#
≈≈≈≈≈≈≈≈≈~...#..≈# '''##
≈≈≈≈≈≈≈≈≈~~~.#.~≈# ...≈#
≈≈≈≈≈≈≈≈≈≈≈..#.~≈# ..≈#
≈≈≈≈≈≈≈≈≈≈~~.#)≈≈# ..≈#


You could see a kobold brigand.

Vanquished Creatures
  Grinder (Sewer)
  A kobold brigand (Sewer)
  A wight (D:3)
  Robin (D:3)
  4 adders
  7 gnolls
  A shadow imp (Sewer)
  7 ufetubi (Sewer)
  An adder zombie (Sewer)
  A worm (D:2)
  2 orcs (D:3)
  4 bats
  7 endoplasms
  7 giant cockroaches
  7 hobgoblins
  16 kobolds
  A quokka (D:1)
  6 ball pythons
  4 frilled lizards
  A giant cockroach zombie (Sewer)
  16 goblins
  A kobold zombie (Sewer)
  A rat (D:2)
98 creatures vanquished.

Vanquished Creatures (collateral kills)
  Sigmund (D:3)
1 creature vanquished.

Vanquished Creatures (others)
  An endoplasm (Sewer)
  2 kobold zombies (Sewer)
3 creatures vanquished.

Grand Total: 102 creatures vanquished

Notes
Turn   | Place    | Note
-------+----------+-------------------------------------------
     0 | D:1      | mopl the Deep Elf Enchanter began the quest for the Orb.
     0 | D:1      | Reached XP level 1. HP: 10/10 MP: 6/6
   280 | D:1      | Reached XP level 2. HP: 5/15 MP: 8/8
   283 | D:1      | Learned a level 2 spell: Ensorcelled Hibernation
   538 | D:1      | Reached skill level 4 in Stealth
   761 | D:2      | Identified the +1 ring mail "Taschiam" {Str-5 Dex+5 Stlth+}
   866 | D:2      | Reached XP level 3. HP: 16/19 MP: 3/10
   870 | D:2      | Learned a level 3 spell: Confusing Touch
   874 | D:2      | Learned a level 3 spell: Tukima's Dance
  1813 | D:3      | Noticed Sigmund
  1818 | D:3      | Killed Sigmund
  1819 | D:3      | Reached skill level 2 in Short Blades
  1819 | D:3      | Reached skill level 5 in Stealth
  1819 | D:3      | Reached skill level 4 in Spellcasting
  1819 | D:3      | Reached skill level 5 in Hexes
  1819 | D:3      | Reached XP level 4. HP: 24/24 MP: 7/12
  1819 | D:3      | Reached XP level 5. HP: 28/28 MP: 7/13
  1840 | D:3      | Learned a level 3 spell: Dazzling Flash
  2142 | D:3      | Noticed Robin
  2201 | D:3      | Reached skill level 3 in Short Blades
  2394 | D:3      | Killed Robin
  2395 | D:3      | Reached XP level 6. HP: 29/32 MP: 2/15
  2532 | D:3      | Found Hychemig's Antique Weapon Boutique.
  2683 | D:4      | Found a staircase to the Ecumenical Temple.
  2698 | D:3      | Reached skill level 5 in Spellcasting
  2764 | D:4      | Found a glowing drain.
  2848 | D:4      | Reached skill level 6 in Hexes
  2852 | Sewer    | Entered a sewer
  3264 | Sewer    | Noticed Grinder
  3301 | Sewer    | Killed Grinder
  3302 | Sewer    | Reached skill level 4 in Short Blades
  3302 | Sewer    | Reached skill level 6 in Stealth
  3302 | Sewer    | Reached XP level 7. HP: 12/36 MP: 14/17
  3498 | Sewer    | Found a burning altar of Makhleb.
  3512 | Sewer    | Reached skill level 6 in Spellcasting
  3514 | Sewer    | Mangled by a kobold brigand

Illustrated notes

Levels and vault maps discovered:
D:1:      erik_arrival_blinker_ship, layout_basic, serial_forest,
          infiniplex_forest_zigzag_2, infiniplex_forest_clump_double,
          infiniplex_forest_lined_corner, infiniplex_forest_clump_cross,
          infiniplex_forest_lined_room_3, infiniplex_forest_lined_corner,
          infiniplex_forest_clump_double, infiniplex_forest_straight_5,
          infiniplex_forest_lined_1
D:2:      layout_basic
D:3:      layout_basic, serial_shops, nicolae_shop_stone, uniq_sigmund,
          uniq_robin
D:4:      layout_basic, minmay_temple_entry_mist, gup_sewer_entry_glass,
          serial_shops, nicolae_diamond_shop, small_statue_intersection
Sewer:    kennysheep_sewer_church

Skill      XL: |  1  2  3  4  5  6  7 |
---------------+----------------------+-----
Stealth        | 4 5 6 |  6.5
Short Blades   | 2 3 4 |  4.1
Spellcasting   | 4 5 6 |  6.0
Hexes          | 5 6 |  6.7
Dodging        | |  2.4

Action                     |  1- 3 |  4- 6 |  7- 9 || total
---------------------------+-------+-------+-------++-------
  Melee: Dagger            |    59 |   204 |    16 ||   279
         Punch             |     1 |     3 |       ||     4
   Cast: Ensorcelled Hiber |    12 |    44 |    13 ||    69
         Tukima's Dance    |     1 |     3 |       ||     4
         Confusing Touch   |       |     7 |     2 ||     9
    Use: Potion            |       |       |     2 ||     2
   Stab: Sleeping          |    15 |    35 |     4 ||    54
         Distracted        |       |     1 |       ||     1
         Confused          |       |     1 |     1 ||     2
 Armour: Robe              |     6 |    39 |     2 ||    47
  Dodge: Dodged            |    41 |   114 |    11 ||   166

Table legend: (Time is in decaauts)
 A = Elapsed time spent in this place.
 B = Non-inter-level travel time spent in this place.
 C = Inter-level travel time spent in this place.
 D = Time resting spent in this place.
 E = Time spent auto-exploring this place.
 F = Levels seen in this place.
 G = Mean time per level.
                   A        B        C        D        E       F      G
               +--------+--------+--------+--------+--------+-----+--------+
         Total |   3436 |   3293 |    143 |    225 |   2112 |   5 |  687.2 |
       Dungeon |   2816 |   2673 |    143 |     41 |   1983 |   4 |  704.0 |
         Sewer |    620 |    620 |      0 |    184 |    129 |   1 |  620.0 |
               +--------+--------+--------+--------+--------+-----+--------+

Top non-repeatable levels by time:
     D:2: 1130 daAuts
     D:3: 850 daAuts
     D:1: 721 daAuts
   Sewer: 620 daAuts
     D:4: 114 daAuts
